 Dungeon Crawl Stone Soup version 0.31.0-11-ge490571c62 (webtiles) character file.

Game seed: 16624268664921938919

9 Curundu the Trooper (level 2, 0/27 HPs)
             Began as a Minotaur Berserker on Feb 1, 2024.
             Was a Follower of Trog.
             Frozen to death by an endoplasm (3 damage)
             ... on level 1 of the Dungeon.
             The game lasted 00:00:30 (190 turns).

Curundu the Trooper (Minotaur Berserker)             Turns: 190, Time: 00:00:31

Health: 0/27       AC:  2    Str: 21    XL:     2   Next: 3%
Magic:  1/1        EV: 12    Int:  4    God:    Trog [*.....]
Gold:   10         SH:  0    Dex:  9    Spells: 1/1 levels left

rFire   . . .        a - +0 hand axe
rCold   . . .        (no shield)
rNeg    . . .        b - +0 animal skin
rPois   .            (helmet restricted)
rElec   .            (no cloak)
rCorr   .            (no gloves)
SInv    .            (no boots)
Will    .....        (no amulet)
Stlth   +            (no ring)
HPRegen 0.24/turn    (no ring)
MPRegen 0.07/turn

%: no passive effects
@: no status effects
A: horns 2, retaliatory headbutt
a: Renounce Religion, Berserk


You were on level 1 of the Dungeon.
You worshipped Trog.
Trog was aware of your devotion.
You visited 1 branch of the dungeon, and saw 1 of its levels.

You collected 10 gold pieces.

Inventory:

Hand Weapons
 a - a +0 hand axe (weapon)
Armour
 b - a +0 animal skin (worn)
Scrolls
 d - a scroll of identify {unknown}
Potions
 c - 2 potions of ambrosia {unknown}


   Skills:
 + Level 4.0 Fighting
 + Level 3.9 Axes
 + Level 2.5 Armour
 + Level 2.2 Dodging


You had one spell level left.
You didn't know any spells.
Your spell library was empty.

Dungeon Overview and Level Annotations

Branches:
Dungeon (1/15)

Altars:


Innate Abilities, Weirdness & Mutations

You have a pair of horns on your head.
You reflexively headbutt those who attack you in melee.


Message History

Trog accepts your kill. The bat closely misses you.
You hit the jackal.
The jackal is severely wounded.
You barely miss the rat. The bat hits you but does no damage.
The jackal bites you but does no damage.
The endoplasm jiggles.
The rat barely misses you. The jackal bites you. x2
You closely miss the jackal.
The jackal is severely wounded.
You barely miss the jackal. You hit the rat. The jackal barely misses you.
The jackal misses you. The rat completely misses you.
You hit the jackal. Your headbutt misses the jackal.
The jackal is almost dead.
You hit the rat. You miss the jackal. The jackal misses you.
You furiously retaliate!
You headbutt the jackal.
You kill the jackal!
Trog accepts your kill. The jackal bites you. The rat bites you.
The jackal bites you.
Your Fighting skill increases to level 4!
You have reached level 2!
You closely miss the jackal.
The jackal is almost dead.
You hit the rat but do no damage. You barely miss the hobgoblin.
You hit the endoplasm.
The endoplasm hits you but does no damage.
The rat bites you. The hobgoblin hits you.
* * * LOW HITPOINT WARNING * * *
The jackal bites you.
* * * LOW HITPOINT WARNING * * *
Unknown command.
You hit the hobgoblin but do no damage. You headbutt the hobgoblin.
You kill the hobgoblin!
Trog accepts your kill.
You barely miss the jackal. You hit the endoplasm. You closely miss the rat.
The bat misses you. The jackal bites you.
* * * LOW HITPOINT WARNING * * *
The endoplasm freezes you.
You are frozen.
You die...

#.#.#.# #.# ......
..#####
.#.#.#.#.#.#....#
................#
#.#.#.#.#.#.#...#
................ #.#
#.#.#.#.#.#b#J#.....
............h@r.....#
#.#.#.#.#.#.#(#.#...#
................... #
#.#.#.#.#.#.#.#.#..#
......................
#.#.#.#.#.#.#.#.#.###..
.................... #
..#.#.#.#.#.#.#.#.#..
#...............##


You could see an endoplasm, a jackal, a bat and a rat.

Vanquished Creatures
  A dart slug (D:1)
  2 endoplasms (D:1)
  A hobgoblin (D:1)
  2 jackals (D:1)
  A bat (D:1)
7 creatures vanquished.

Notes
Turn   | Place    | Note
-------+----------+-------------------------------------------
     0 | D:1      | Curundu the Minotaur Berserker began the quest for the Orb.
     0 | D:1      | Reached XP level 1. HP: 19/19 MP: 0/0
   189 | D:1      | Reached skill level 4 in Fighting
   189 | D:1      | Reached XP level 2. HP: 10/27 MP: 1/1
   190 | D:1      | Frozen to death by an endoplasm

Illustrated notes

Levels and vault maps discovered:
D:1:      dpeg_chamrin_arrival_tetris, layout_basic, hex_large,
          minmay_surrounded

Skill      XL: |  1 |
---------------+----+-----
Fighting       | 4 |  4.0
Axes           | |  3.9
Armour         | |  2.5
Dodging        | |  2.2

Action                     || total
---------------------------++-------
  Melee: Hand axe          ||     9
         Headbutt          ||     2
 Armour: Animal skin       ||    18
  Dodge: Dodged            ||    11
